 Dungeon Crawl Stone Soup version 0.29-a0-668-g12ee2bf84d (webtiles) character file.

Game seed: 1436781938982805880

4 Newt the Skirmisher (level 1, -3/18 HPs)
             Began as a Demonspawn Abyssal Knight on June 23, 2022.
             Was a Follower of Lugonu.
             Slain by a gnoll
             ... wielding a +0 club
              (6 damage)
             ... on level 1 of the Dungeon.
             The game lasted 00:01:18 (182 turns).

Newt the Skirmisher (Demonspawn Abyssal Knight)      Turns: 182, Time: 00:01:18

Health: -3/18      AC:  3    Str: 13    XL:     1   Next: 58%
Magic:  2/2        EV: 11    Int: 11    God:    Lugonu [*.....]
Gold:   14         SH:  0    Dex: 13    Spells: 0/0 levels left

rFire   . . .      SeeInvis .   a - +1 spear
rCold   . . .      Faith    .   (no shield)
rNeg    . . .      Spirit   .   b - +0 leather armour
rPois   .          Reflect  .   (no helmet)
rElec   .          Harm     .   (no cloak)
rCorr   .          Rampage  .   (no gloves)
Will    .....                   (no boots)
Stlth   +.........              (no amulet)
HPRegen 0.06/turn               (no ring)
MPRegen 0.08/turn               (no ring)

@: no status effects
A: no striking features
a: Renounce Religion, Depart the Abyss


You were on level 1 of the Dungeon.
You worshipped Lugonu.
Lugonu was aware of your devotion.
You visited 1 branch of the dungeon, and saw 1 of its levels.
You visited the Abyss 1 time.

You collected 14 gold pieces.

Inventory:

Hand Weapons
 a - a +1 spear (weapon)
Missiles
 e - 2 poisoned darts (quivered)
Armour
 b - a +0 leather armour (worn)
Scrolls
 c - a scroll of enchant weapon {unknown}
 f - a scroll of identify {unknown}
Potions
 d - a potion of might {unknown}


   Skills:
 + Level 3.1 Fighting
 + Level 1.9 Polearms
 + Level 1.9 Armour
 + Level 0.8 Dodging
 + Level 2.4 Invocations


You couldn't memorise any spells.
You didn't know any spells.
Your spell library was empty.

Dungeon Overview and Level Annotations

Branches:
Dungeon (1/15)

Altars:

Shops:
D:1 =


Message History

There is an entrance to Wualech's Jewellery Boutique here.
There is an escape hatch in the floor here.
As you open the door, it creaks loudly!
A quokka and a goblin come into view.
The goblin shouts!
You hear a shout!
A gnoll comes into view. It is wielding a +0 club.
Throw: 4 darts (poison)
Press: ? - help, Q - select action, (/) - cycle Shift-Dir - straight line, f - gnoll
Aim: a gnoll, wielding a +0 club (61% to hit)
You throw a poisoned dart.
The poisoned dart barely misses the gnoll.
Throw: 3 darts (poison)
Press: ? - help, Q - select action, (/) - cycle Shift-Dir - straight line, f/p - gnoll
Aim: a gnoll, wielding a +0 club (61% to hit)
You throw a poisoned dart. The poisoned dart hits the gnoll.
The gnoll is poisoned.
The gnoll closely misses you.
You hit the gnoll.
The gnoll is moderately wounded.
The gnoll hits you with a +0 club.
You hit the gnoll but do no damage.
The gnoll is moderately wounded.
The gnoll hits you but does no damage.
You barely miss the gnoll.
The gnoll is moderately wounded.
The gnoll hits you with a +0 club.
You closely miss the gnoll.
The gnoll is heavily wounded.
The gnoll closely misses you.
You closely miss the gnoll.
The gnoll is heavily wounded.
The gnoll barely misses you.
You closely miss the gnoll.
The gnoll is heavily wounded.
The gnoll looks more healthy.
The gnoll hits you with a +0 club!
* * * LOW HITPOINT WARNING * * *
You hit the gnoll.
The gnoll is severely wounded.
The gnoll hits you with a +0 club.
You die...

#.######.######
#.##..........##
#....###.###..†######)
#.######.##...........
#........##.....#####.
#.##########...##
###.### ##.## #.....#
######.#### #.#.#.#
#.8.∩.@.8.# #.#...#
#..####g##.# #)##..###


.gr # #........ ..... #.##..##.# ....... #.##...#.# .........
#.........+.........+ #..#...#.##.......(.# #..##.##.# You could see a gnoll, a
quokka and a goblin.

Vanquished Creatures
  An endoplasm (D:1)
  2 goblins (D:1)
  A frilled lizard (D:1)
4 creatures vanquished.

Notes
Turn   | Place    | Note
-------+----------+-------------------------------------------
     0 | Abyss:1  | Newt the Demonspawn Abyssal Knight began the quest for the
                  | Orb.
     0 | Abyss:1  | Reached XP level 1. HP: 18/18 MP: 2/2
     0 | Abyss:1  | Found a shimmering altar of Xom.
     0 | Abyss:1  | Found a shimmering altar of Xom.
     0 | Abyss:1  | Found a shimmering altar of Xom.
     0 | Abyss:1  | Found a shimmering altar of Xom.
     0 | Abyss:1  | Found a shimmering altar of Xom.
    46 | Abyss:1  | Noticed a hell hound
    49 | Abyss:1  | Noticed a large abomination
    53 | D:1      | Escaped the Abyss
   168 | D:1      | Found Wualech's Jewellery Boutique.
   182 | D:1      | Slain by a gnoll

Illustrated notes

Levels and vault maps discovered:
D:1:      onia_arrival_pentagram, layout_loops_corners, serial_shops,
          shop_statue, ebering_ecumenical_altar_ruins

Action                   || total
-------------------------++-------
Melee: Spear             ||    15
Throw: Dart              ||     2
Invok: Depart the Abyss  ||     1
 Stab: Sleeping          ||     1
Armor: Leather armour    ||     1
Dodge: Dodged            ||     6

Table legend: (Time is in decaauts)
 A = Elapsed time spent in this place.
 B = Non-inter-level travel time spent in this place.
 C = Inter-level travel time spent in this place.
 D = Time resting spent in this place.
 E = Time spent auto-exploring this place.
 F = Levels seen in this place.
 G = Mean time per level.
                   A        B        C        D        E       F      G
               +--------+--------+--------+--------+--------+-----+--------+
         Total |    182 |    182 |      0 |      0 |     96 |   2 |   91.0 |
       Dungeon |    129 |    129 |      0 |      0 |     52 |   1 |  129.0 |
         Abyss |     53 |     53 |      0 |      0 |     44 |   1 |   53.0 |
               +--------+--------+--------+--------+--------+-----+--------+

Top non-repeatable levels by time:
     D:1: 129 daAuts
 Abyss:1: 53 daAuts
